 Dungeon Crawl Stone Soup version 0.26-a0-812-g31a745ddcd (webtiles) character file.

Game seed: 5901618436834981350

32 Azzok the Shield-Bearer (level 3, -1/29 HPs)
             Began as a Formicid Fighter on Dec 5, 2020.
             Succumbed to a kobold's poison
             ... on level 2 of the Dungeon.
             The game lasted 00:00:51 (1071 turns).

Azzok the Shield-Bearer (Formicid Fighter)          Turns: 1071, Time: 00:00:52

Health: -1/29      AC:  6    Str: 21    XL:     3   Next: 45%
Magic:  3/3        EV:  8    Int:  7    God:
Gold:   40         SH:  9    Dex: 10    Spells: 2/2 levels left

rFire    . . .     SeeInvis +   a - +0 war axe
rCold    . . .     Faith    .   c - +0 kite shield
rNeg     . . .     Spirit   .   b - +0 scale mail
rPois    .         Reflect  .   (helmet unavailable)
rElec    .         Harm     .   (no cloak)
rCorr    .         Rampage  .   (no gloves)
MR       .....                  (no boots)
Stlth    ..........             (no amulet)
HPRegen  0.09/turn              (no ring)
MPRegen  0.08/turn              (no ring)

@: lethally poisoned (-1 -> -32)
A: permanent stasis, dig shafts and tunnels, four strong arms, antennae 3
a: Dig, Shaft Self


You were on level 2 of the Dungeon.
You visited 1 branch of the dungeon, and saw 2 of its levels.

You collected 40 gold pieces.

Inventory:

Hand Weapons
 a - a +0 war axe (weapon)
Armour
 b - a +0 scale mail (worn)
 c - a +0 kite shield (worn)
Jewellery
 k - an uncursed amulet of the acrobat {unknown}
Scrolls
 e - 2 scrolls of teleportation {unknown}
 h - a scroll of immolation {unknown}
 i - a scroll of enchant armour {unknown}
 j - a scroll of magic mapping {unknown}
 l - a scroll of noise {unknown}
 m - a scroll of identify {unknown}
Potions
 d - a potion of might
 f - 2 potions of magic {unknown}
 g - 2 potions of berserk rage {unknown}


   Skills:
 - Level 3.2 Fighting
 + Level 2.9 Axes
 - Level 3.2 Armour
 + Level 4.4 Shields


You had 2 spell levels left.
You didn't know any spells.
Your spell library was empty.

Dungeon Overview and Level Annotations

Branches:
Dungeon (2/15)

Altars:


Innate Abilities, Weirdness & Mutations

You cannot be hasted, slowed, berserked, paralysed or teleported.
You can dig through walls and to a lower floor.
Your four strong arms can wield two-handed weapons with a shield.
You have a pair of large antennae on your head. (SInv)


Message History

You block the kobold's attack.
You see here an adder corpse.
You hit the kobold but do no damage. The kobold hits you but does no damage.
You are more poisoned.
You closely miss the kobold.
You feel sick.
The kobold hits you with a +1 dagger of venom.
You are lethally poisoned!
You barely miss the kobold.
You feel sick.
The kobold hits you with a +1 dagger of venom.
* * * LOW HITPOINT WARNING * * *
You are more poisoned.
The kobold hits you but does no damage.
You are more poisoned.
You hit the kobold but do no damage.
* * * LOW HITPOINT WARNING * * *
You feel very sick.
The kobold hits you with a +1 dagger of venom.
* * * LOW HITPOINT WARNING * * *
You barely miss the kobold.
You die...

▒▒▒▒▒▒▒▒▒
▒·······▒▒▒▒▒▒▒▒▒
▒·▒▒▒▒▒·▒·······▒
▒·▒▒▒▒▒·▒·▒▒▒▒▒·▒
▒·▒▒·········▒▒·▒
▒·▒▒▒▒▒▒▒·▒▒<(@K▒
▒·▒ ▒▒▒▒▒▒▒·▒▒
▒·▒ { ▒··(▒ ▒▒▒
▒····▒······?·
▒▒▒▒···▒··▒▒▒▒
▒▒▒▒····▒ ·▒···▒
·▒▒··(· ·▒ ▒=·$


You could see a kobold.

Vanquished Creatures
  An adder (D:2)
  A leopard gecko (D:1)
  2 giant cockroaches
  5 goblins
  3 hobgoblins (D:1)
  A bat (D:1)
  3 frilled lizards
  3 kobolds
  3 rats
22 creatures vanquished.

Notes
Turn   | Place    | Note
-------+----------+-------------------------------------------
     0 | D:1      | Azzok the Formicid Fighter began the quest for the Orb.
     0 | D:1      | Reached XP level 1. HP: 18/18 MP: 1/1
   348 | D:1      | Reached XP level 2. HP: 21/24 MP: 2/2
   410 | D:1      | Reached skill level 4 in Shields
  1010 | D:2      | Reached XP level 3. HP: 29/29 MP: 3/3
  1071 | D:2      | Succumbed to a kobold's poison

Illustrated notes

Levels and vault maps discovered:
D:1:      ncdulo_smallfort, layout_basic
D:2:      layout_loops_cross, nicolae_dithmenos_through_a_glass_darkly,
          grunt_ministairs_14, minmay_circle_x

Skill      XL: |  1  2 |
---------------+-------+-----
Shields        | 4 |  4.4
Fighting       | |  3.2
Axes           | |  2.9
Armour         | |  3.2

Action                   || total
-------------------------++-------
Melee: War axe           ||    73
Armor: Scale mail        ||    30
Dodge: Dodged            ||    15
Block: Kite shield       ||    38

Table legend: (Time is in decaauts)
 A = Elapsed time spent in this place.
 B = Non-inter-level travel time spent in this place.
 C = Inter-level travel time spent in this place.
 D = Time resting spent in this place.
 E = Time spent auto-exploring this place.
 F = Levels seen in this place.
 G = Mean time per level.
                   A        B        C        D        E       F      G
               +--------+--------+--------+--------+--------+-----+--------+
         Total |   1102 |   1058 |     44 |     26 |    842 |   2 |  551.0 |
       Dungeon |   1102 |   1058 |     44 |     26 |    842 |   2 |  551.0 |
               +--------+--------+--------+--------+--------+-----+--------+

Top non-repeatable levels by time:
     D:1: 1030 daAuts
     D:2: 72 daAuts
